 Dungeon Crawl Stone Soup version bcrawl-1.21.2-28-g2cb1824106 (webtiles) character file.

Game seed: 8282418343506833026

110 BeastOfSaturn the Ducker (level 4, -1/31 HPs)
             Began as a Fairy Fighter on Mar 4, 2020.
             Killed from afar by an orc wizard (9 damage)
             ... with a puff of flame
             ... on level 3 of the Dungeon.
             The game lasted 00:05:42 (2641 turns).

BeastOfSaturn the Ducker (Fairy Fighter)            Turns: 2641, Time: 00:05:42

Health: -1/31      AC:  4    Str: 15    XL:     4   Next: 91%
Magic:  6/6        EV: 15    Int: 12    God:
Gold:   115        SH: 14    Dex: 11    Spells: 3/3 levels left

rFire    . . .     SeeInvis .   a - +0 rapier
rCold    . . .     Gourm    +   b - +0 medium shield
rNeg     . . .     Faith    .   (armour unavailable)
rPois    .         Spirit   .   (no helmet)
rElec    .         Reflect  .   (no cloak)
rCorr    .         Harm     .   (no gloves)
MR       .....                  (no boots)
Stlth    ..........             j - amulet of the gourmand
HPRegen  0.10/turn              (no ring)
MPRegen  0.10/turn              (no ring)

@: flying evasively
A: small, magic attunement, unstealthy, unfitting armour, able to fly, AC/SH +4
a: Stop Flying


You were on level 3 of the Dungeon.
You were not hungry.

You visited 1 branch of the dungeon, and saw 3 of its levels.

You collected 115 gold pieces.

Inventory:

Hand Weapons
 a - a +0 rapier (weapon)
 t - a cursed -3 hunting sling
Missiles
 k - a throwing net (quivered) {!f}
Armour
 b - a +0 medium shield (worn)
Jewellery
 j - an amulet of the gourmand (around neck)
Scrolls
 d - a scroll of magic mapping {unknown}
 f - 2 scrolls of enchant armour {unknown}
 g - 4 scrolls of remove curse {unknown}
 i - 2 scrolls of identify
 o - a scroll of enchant weapon {unknown}
 p - a scroll of amnesia {unknown}
 q - 2 scrolls of teleportation {unknown}
Potions
 c - a potion of might
 h - 2 potions of invisibility {unknown}
 l - a potion of brilliance {unknown}
 m - a potion of curing {unknown}
 n - a potion of mutation {unknown}
 r - a potion of magic {unknown}
 s - a potion of lignification {unknown}
Comestibles
 e - 5 rations {!d}


   Skills:
 + Level 3.0 Fighting
 * Level 3.1 Short Blades
 * Level 5.0 Dodging
 * Level 4.8 Shields


You had 3 spell levels left.
You didn't know any spells.
Your spell library was empty.

Dungeon Overview and Level Annotations

Branches:
Dungeon (3/12)

Altars:
Nemelex Xobeh
The Shining One


Innate Abilities, Weirdness & Mutations

Your spells do not cause hunger and MP costs are reduced by 1.
Your bright wings attract enemies. (Stealth-)
You cannot fit into any form of body armour.
Your shimmering scales are hard and can block incoming attacks. (AC +4, SH +4)
You are small and have problems with some larger weapons.
You can fly continuously.


Message History

You kill the orc priest!
Your Short Blades skill increases to level 3!
Your Dodging skill increases to level 5!
You block the kobold's attack. You block the orc wizard's attack.
The kobold hits you but does no damage.
You hit the orc wizard.
The orc wizard is lightly wounded.
The orc wizard hits you with a +0 dagger.
* * * LOW HITPOINT WARNING * * *
The kobold barely misses you. You block the orc wizard's attack.
You puncture the orc wizard!
The orc wizard is severely wounded.
You block the kobold's attack.
The orc wizard hits you but does no damage.
You barely miss the orc wizard.
The orc wizard is severely wounded.
You block the kobold's attack.
The orc wizard gestures at you while chanting.
The puff of flame hits you!
You die...

.....).....#########..#
.########### ##.##
.####################..#####
.............................
...........###########..##.##
##########.# ##########.# .#
#......##.# #..........##.#
#.####.##.###...o.......#.#
#.#....##......@K.....#.#.#
#.#.#########...†(....#.#.#
#.#.#.#....#<.#.###.....#.#
#.#........##.#.# #.##....#
#.#####.#####.#.###.##.#..#
#.............#.....##....##
######...#.......#######...#
#.###.#####.# #.).# #.#
#.##....## #.>.##


You could see an orc wizard and a kobold.

Vanquished Creatures
  An orc priest (D:3)
  A hound skeleton (D:2)
  4 worms (D:2)
  4 leopard geckos
  3 orcs
  4 bats
  2 giant cockroaches (D:1)
  4 goblins
  9 hobgoblins
  8 kobolds
  A quokka (D:3)
  A frilled lizard (D:2)
  6 rats
48 creatures vanquished.

Notes
Turn   | Place    | Note
-------+----------+-------------------------------------------
     0 | D:1      | BeastOfSaturn the Fairy Fighter began the quest for the
                  | Orb.
     0 | D:1      | Reached XP level 1. HP: 15/15 MP: 3/3
   147 | D:1      | Reached XP level 2. HP: 20/20 MP: 4/4
   720 | D:1      | Reached XP level 3. HP: 25/25 MP: 5/5
  1087 | D:2      | Found a glowing golden altar of the Shining One.
  1100 | D:2      | Found a sparkling altar of Nemelex Xobeh.
  1649 | D:2      | Reached XP level 4. HP: 30/30 MP: 6/6
  2337 | D:3      | HP: 1/31 [orc priest/divine providence (9)]
  2638 | D:3      | Reached skill level 5 in Dodging
  2641 | D:3      | Killed from afar by an orc wizard

Skill      XL: |  1  2  3  4 |
---------------+-------------+-----
Shields        | 4 |  4.8
Fighting       | 3 |  3.0
Short Blades   | 3 |  3.1
Dodging        | 5 |  5.0

Action                   |  1- 3 |  4- 6 || total
-------------------------+-------+-------++-------
Melee: Rapier            |   128 |    65 ||   193
  Use: Scroll            |     1 |       ||     1
  Eat: Chunk             |     3 |     3 ||     6
Armor: Skin              |     6 |     7 ||    13
Dodge: Dodged            |    47 |    20 ||    67
Block: Medium shield     |    79 |    63 ||   142
